 Dungeon Crawl Stone Soup version 0.28-a0-265-g048bc9fd10 (webtiles) character file.

Game seed: 16069988613748554298

1764 senseless the Destroyer (level 8, -2/59 HPs)
             Began as a Demigod Conjurer on Aug 27, 2021.
             Slain by Duvessa (15 damage)
             ... on level 6 of the Dungeon.
             The game lasted 00:17:35 (5165 turns).

senseless the Destroyer (Demigod Conjurer)          Turns: 5165, Time: 00:17:36

Health: -2/59      AC:  7    Str:  8    XL:     8   Next: 50%
Magic:  17/21      EV: 12    Int: 28    God:
Gold:   252        SH:  0    Dex: 12    Spells: 12/19 levels left

rFire   . . .      SeeInvis .   e - staff of conjuration
rCold   . . .      Faith    .   (no shield)
rNeg    . . .      Spirit   .   l - +2 robe {Will+}
rPois   .          Reflect  .   m - +2 helmet
rElec   .          Harm     .   (no cloak)
rCorr   +          Rampage  .   (no gloves)
Will    +....                   (no boots)
Stlth   ++........              d - amulet of magic regeneration
HPRegen 0.19/turn               r - ring of resist corrosion
MPRegen 0.42/turn               (no ring)

@: no status effects
A: high mp 1, forlorn
a: no special abilities


You were on level 6 of the Dungeon.
You visited 1 branch of the dungeon, and saw 6 of its levels.
You also visited: Sewer.

You collected 252 gold pieces.

Inventory:

Hand Weapons
 k - a +2 dagger of electrocution
Missiles
 j - 2 curare-tipped darts
 w - 24 poisoned darts
Armour
 l - a +2 robe of willpower (worn)
 m - a +2 helmet (worn)
Magical Staves
 e - a staff of conjuration (weapon)
Jewellery
 d - an amulet of magic regeneration (around neck)
 p - an amulet of regeneration
 r - a ring of resist corrosion (left hand)
 x - an amulet of the acrobat
Wands
 i - a wand of flame (10)
Scrolls
 a - 4 scrolls of teleportation
 s - a scroll of fear
 t - 4 scrolls of magic mapping
 y - a scroll of enchant armour
Potions
 b - a potion of experience {unknown}
 c - 2 potions of brilliance
 f - 3 potions of curing
 g - 2 potions of attraction {unknown}
 h - 2 potions of haste
 n - 3 potions of flight
 o - a potion of heal wounds
 q - a potion of resistance {unknown}
 u - a potion of ambrosia {unknown}
 v - a potion of mutation {unknown}


   Skills:
 * Level 1.0 Fighting
 * Level 0.8 Staves
 + Level 2.6 Dodging
 + Level 3.2 Stealth
 + Level 6.2 Spellcasting
 + Level 8.0 Conjurations
 + Level 0.2 Evocations


You had 12 spell levels left.
You knew the following spells:

 Your Spells              Type           Power      Damage    Failure   Level
a - Magic Dart            Conj           100%       1d8       1%          1
b - Searing Ray           Conj           100%       3d7       1%          2
c - Iskenderun's Mystic   Conj/Tloc      46%        2d10      12%         4

Your spell library contained the following spells:

 Spells                   Type           Power      Damage    Failure   Level
 Conjure Flame            Conj/Fire      46%        6-21      3%          3
 Dazzling Flash           Conj/Hex       92%        N/A       3%          3
 Corona                   Hex            8%         N/A       6%          1
 Ensorcelled Hibernation  Hex/Ice        16%        N/A       9%          2
 Fulminant Prism          Conj/Hex       23%        3d13      12%         4
 Sticky Flame             Conj/Fire      46%        2d6       12%         4
 Ignite Poison            Fire/Tmut/Pois 8%         N/A       19%         3
 Tukima's Dance           Hex            8%         N/A       19%         3


Dungeon Overview and Level Annotations

Branches:
Dungeon (6/15)             Temple (0/1) D:5           Sewer (visited)

Annotations:
D:6 Duvessa


Innate Abilities, Weirdness & Mutations

Your attributes grow dramatically as you level up.
You have an increased reservoir of magic. (+10% MP)
You shall have no god before yourself.


Message History

Press: ? - help, Shift-Dir - straight line, f/p - Dowan
Aim: Dowan, wielding a +0 dagger and wearing a +0 robe (moderately wounded, 76% to hit)
You feel a surge of power!
The searing ray misses Dowan. (Press . to maintain the ray.)
The searing ray hits Dowan!
Dowan is severely wounded.
Dowan hits you but does no damage.
The searing ray hits Dowan!
You kill Dowan!
You hear a distant scream of rage.
Your Fighting skill increases to level 1!
Your Conjurations skill increases to level 8!
Magic restored.
HP restored.
Duvessa, Sister of Dowan comes into view.
She is wielding a +0 rapier.
Duvessa moves out of view.
Duvessa goes berserk!
f - 3 potions of curing (gained 1)
Things that are here:
a +0 dagger; a +0 robe; the elf corpse of Dowan
Casting: Searing Ray (safe; 1% risk of failure)
Confirm with . or Enter, or press ? or * to list all spells.
Aiming: Searing Ray (safe; 1% risk of failure)
Press: ? - help, Shift-Dir - straight line, f - Duvessa
Aim: Duvessa, wielding a +0 rapier and wearing a +0 leather armour (berserk, 85% to hit)
You feel a surge of power!
The searing ray hits Duvessa.
Duvessa is lightly wounded. (Press . to maintain the ray.) Duvessa hits you with a +0 rapier! x2
The searing ray hits Duvessa!
Duvessa is moderately wounded.
Duvessa hits you with a +0 rapier.
The searing ray hits Duvessa!
Duvessa is heavily wounded.
Duvessa hits you with a +0 rapier. Duvessa hits you with a +0 rapier!
* * * LOW HITPOINT WARNING * * *
The searing ray hits Duvessa!
Duvessa is severely wounded.
You finish channeling your searing ray.
Duvessa hits you with a +0 rapier!
You die...

#. #.......#
#.#.###.#
#.......#
#.....[.#
..........#
###.#####
#.########## #.#
# . #.#
?####.########.#
......#......#.#
#...e...##.#.#
e...#.#@#.##.#.#
. # #.#......#
#.####.###
#.####.#
#......#
########


You could see Duvessa (berserk).

Vanquished Creatures
  A centaur zombie (D:6)
  Edmund (D:5)
  A water moccasin (D:6)
  A black bear (D:4)
  2 kobold brigands
  A phantom (D:5)
  A gnoll sergeant (D:5)
  A scorpion (D:4)
  A water moccasin zombie (D:6)
  Dowan (D:6)
  3 hounds
  2 orc priests
  A bullfrog skeleton (D:6)
  Jessica (D:2)
  5 iguanas
  3 orc wizards
  Robin (D:2)
  4 gnolls (D:5)
  2 adders
  2 river rats (Sewer)
  An ufetubus (D:5)
  3 worms
  4 dart slugs
  24 orcs
  2 ball pythons
  9 bats
  10 endoplasms
  7 giant cockroaches
  15 goblins
  9 hobgoblins
  2 jackals (Sewer)
  5 quokkas
  2 frilled lizards
  12 kobolds
  9 rats
149 creatures vanquished.

Notes
Turn   | Place    | Note
-------+----------+-------------------------------------------
     0 | D:1      | senseless the Demigod Conjurer began the quest for the Orb.
     0 | D:1      | Reached XP level 1. HP: 14/14 MP: 5/5
   261 | D:1      | Reached skill level 4 in Conjurations
   299 | D:1      | Reached XP level 2. HP: 20/20 MP: 5/7
   304 | D:1      | Learned a level 2 spell: Searing Ray
   662 | D:1      | Reached XP level 3. HP: 26/26 MP: 5/8
  1381 | D:2      | Noticed Jessica
  1388 | D:2      | Killed Jessica
  1389 | D:2      | Reached XP level 4. HP: 22/33 MP: 6/10
  1619 | D:2      | Noticed Robin
  1623 | D:2      | Killed Robin
  1624 | D:2      | Reached skill level 5 in Conjurations
  2291 | D:3      | Found a glowing drain.
  2300 | Sewer    | Entered a sewer
  2303 | Sewer    | Reached XP level 5. HP: 36/38 MP: 9/12
  3145 | D:4      | Reached XP level 6. HP: 36/45 MP: 6/15
  3629 | D:4      | Reached skill level 6 in Conjurations
  3928 | D:5      | Entered Level 5 of the Dungeon
  3980 | D:5      | Reached XP level 7. HP: 50/50 MP: 6/16
  4007 | D:5      | Found a staircase to the Ecumenical Temple.
  4080 | D:5      | Noticed Edmund
  4086 | D:5      | Killed Edmund
  4279 | D:5      | Reached skill level 7 in Conjurations
  4438 | D:5      | Learned a level 4 spell: Iskenderun's Mystic Blast
  4457 | D:6      | Reached skill level 5 in Spellcasting
  4613 | D:6      | Reached XP level 8. HP: 47/57 MP: 1/20
  5129 | D:6      | Noticed Dowan
  5139 | D:6      | Killed Dowan
  5140 | D:6      | Reached skill level 1 in Fighting
  5140 | D:6      | Reached skill level 8 in Conjurations
  5159 | D:6      | Noticed Duvessa
  5165 | D:6      | Slain by Duvessa

Illustrated notes

Levels and vault maps discovered:
D:1:      mrwooster_arrival_statue, layout_loops_ring, minmay_cut_off
D:2:      layout_loops_ring, shapermc_ecumenical_altar_notcrosses, uniq_robin,
          uniq_jessica
D:3:      layout_basic, cheibrodos_sewer_entry_bend, kennysheep_generic_room_16
D:4:      black_bear_nest_2, layout_basic, grunt_gozag_statues
D:5:      layout_basic, mainiacjoe_overflow_alcove_1,
          minmay_temple_entry_large_hall, uniq_edmund
D:6:      layout_loops_cross, uniq_menkaure, uniq_duvessa

Skill      XL: |  1  2  3  4  5  6  7  8 |
---------------+-------------------------+-----
Conjurations   | 4 5 6 7 8 |  8.0
Spellcasting   | 2 3 4 6 |  6.2
Stealth        | 2 3 |  3.2
Dodging        | 2 |  2.6
Fighting       | 1 |  1.0
Staves         | |  0.8
Evocations     | |  0.2

Action                   |  1- 3 |  4- 6 |  7- 9 || total
-------------------------+-------+-------+-------++-------
Melee: Unarmed           |     2 |       |       ||     2
       Staff             |     2 |     1 |     1 ||     4
 Cast: Magic Dart        |    88 |   124 |    74 ||   286
       Searing Ray       |       |    11 |    13 ||    24
       Iskenderun's Myst |       |       |     2 ||     2
Evoke: Wand              |       |     1 |       ||     1
  Use: Scroll            |       |     7 |     3 ||    10
       Potion            |       |       |     1 ||     1
Armor: Robe              |     4 |     3 |    17 ||    24
Dodge: Dodged            |     8 |    11 |    25 ||    44

Table legend: (Time is in decaauts)
 A = Elapsed time spent in this place.
 B = Non-inter-level travel time spent in this place.
 C = Inter-level travel time spent in this place.
 D = Time resting spent in this place.
 E = Time spent auto-exploring this place.
 F = Levels seen in this place.
 G = Mean time per level.
                   A        B        C        D        E       F      G
               +--------+--------+--------+--------+--------+-----+--------+
         Total |   5208 |   4997 |    211 |     31 |   4171 |   7 |  744.0 |
       Dungeon |   4987 |   4776 |    211 |     31 |   4003 |   6 |  831.2 |
         Sewer |    220 |    220 |      0 |      0 |    168 |   1 |  220.0 |
               +--------+--------+--------+--------+--------+-----+--------+

Top non-repeatable levels by time:
     D:3: 1037 daAuts
     D:1: 961 daAuts
     D:2: 876 daAuts
     D:4: 859 daAuts
     D:6: 736 daAuts
     D:5: 515 daAuts
   Sewer: 220 daAuts
